 Dungeon Crawl Stone Soup version 0.28-a0-991-g956f0ee3d5 (webtiles) character file.

Game seed: 16951542269951112709

242 browni3141 the Sneak (level 6, -27/40 HPs)
             Began as an Octopode Transmuter on Dec 4, 2021.
             Killed from afar by Ijyb (37 damage)
             ... with a bolt of acid
             ... on level 3 of the Dungeon.
             The game lasted 00:03:37 (2164 turns).

browni3141 the Sneak (Octopode Transmuter)          Turns: 2164, Time: 00:03:38

Health: -27/40     AC:  5    Str:  9    XL:     6   Next: 9%
Magic:  9/9        EV: 13    Int: 17    God:
Gold:   118        SH:  0    Dex: 13    Spells: 3/9 levels left

rFire   . . .      SeeInvis .     - Unarmed
rCold   . . .      Faith    .   (no shield)
rNeg    . . .      Spirit   .   (helmet currently unavailable)
rPois   .          Reflect  .   (no amulet)
rElec   .          Harm     .   d - +4 ring of protection
rCorr   .          Rampage  .   (no ring)
Will    .....                   (no ring)
Stlth   ++++......              (no ring)
HPRegen 0.13/turn               (no ring)
MPRegen 0.11/turn               (no ring)
                                (no ring)
                                (no ring)

@: appendages
A: tentacle spike 3, almost no armour, amphibious, 8 rings, camouflage 1,
gelatinous body 1, (nimble swimmer 1), tentacles
a: End Transformation


You were on level 3 of the Dungeon.
One of your tentacles had grown a beastly spike.
You visited 1 branch of the dungeon, and saw 3 of its levels.

You collected 118 gold pieces.

Inventory:

Missiles
 a - 2 throwing nets
 i - 29 poisoned darts
Jewellery
 d - a +4 ring of protection (left tentacle)
 n - a +4 ring of evasion
Scrolls
 b - 3 scrolls of enchant armour {unknown}
 c - a scroll of silence {unknown}
 f - a scroll of magic mapping {unknown}
 g - 2 scrolls of enchant weapon {unknown}
 j - a scroll of acquirement {unknown}
 l - a scroll of brand weapon {unknown}
Potions
 e - a potion of brilliance {unknown}
 h - a potion of flight {unknown}
 k - a potion of haste {unknown}
 m - a potion of curing {unknown}


   Skills:
 + Level 2.3 Fighting
 + Level 2.7 Dodging
 - Level 5.0 Stealth
 * Level 4.0 Unarmed Combat
 - Level 2.0 Spellcasting
 + Level 2.8 Transmutations


You had 3 spell levels left.
You knew the following spells:

 Your Spells              Type           Power      Damage    Failure   Level
a - Beastly Appendage     Tmut           22%        N/A       6%          1
b - Wereblood             Tmut           11%        N/A       10%         2
c - Spider Form           Tmut/Pois      6%         N/A       32%         3

Your spell library contained the following spells:

 Spells                   Type           Power      Damage    Failure   Level
 Ice Form                 Ice/Tmut       6%         N/A       73%         4
 Olgreb's Toxic Radiance  Pois           1%         N/A       88%         4
 Ozocubu's Refrigeration  Ice            0%         4d5       100%        7
 Ignition                 Fire           0%         3d3       100%        8


Dungeon Overview and Level Annotations

Branches:
Dungeon (3/15)

Altars:
Ashenzari

Annotations:
D:3 Ijyb, Natasha


Innate Abilities, Weirdness & Mutations

One of your tentacles has grown a beastly spike.
You cannot wear most types of armour.
You are amphibious.
You can wear up to eight rings at the same time.
Your skin changes colour to match your surroundings (Stealth+).
Your rubbery body absorbs attacks. (AC +1, EV +1)
((You are camouflaged near water. (Stealth+)))
You have tentacles for arms and can constrict up to eight enemies at once.


Message History

You start resting.
A quokka comes into view.
A quokka is nearby!
Ijyb shouts!
A ball python comes into view.
You start resting.
HP restored.
A goblin comes into view. It is wielding a +0 club.
The helpless goblin fails to defend itself.
You tentacle-slap the goblin.
You kill the goblin!
Ijyb shouts!
Ijyb screams, "It's all mine!"
Casting: Beastly Appendage (safe; 6% risk of failure)
Confirm with . or Enter, or press ? or * to list all spells.
One of your tentacles grows a vicious spike.
You start resting.
Ijyb is nearby!
Ijyb zaps a wand.
The bolt of acid hits you!!
Ouch! That really hurt!
You tentacle-slap Ijyb. Your grab misses Ijyb.
You squeeze Ijyb, but do no damage.
Ijyb is moderately wounded.
Ijyb hits you with a +0 club.
* * * LOW HITPOINT WARNING * * *
You barely miss Ijyb. You grab Ijyb.
Ijyb is moderately wounded.
You constrict Ijyb, but do no damage.
You tentacle-slap Ijyb but do no damage.
Ijyb is moderately wounded.
You constrict Ijyb, but do no damage. Ijyb hits you with a +0 club.
* * * LOW HITPOINT WARNING * * *
You tentacle-slap Ijyb.
You pierce Ijyb.
Ijyb is heavily wounded.
You constrict Ijyb. Ijyb barely misses you.
You tentacle-slap Ijyb but do no damage.
Ijyb is heavily wounded.
You constrict Ijyb.
Ijyb zaps a wand.
The bolt of acid hits you!!!
Ouch! That really hurt!
You die...

#.......>...))# #..#
#...#.. #....<.......##
#..# ###...#
#...........## #..#
##..# #..........## #..#
#... #..........# #..#
##.# ##.........## #..#
#..# ..>........### #..#
#.##
...........g.#####.#####
#.#
........##@##......).#
#.#
........##...........#
#.##
...g....#####........#
#..) .......##
#........# #### ......#
#........# .#####
#........# ##########


You could see Ijyb.

Vanquished Creatures
  Sigmund (D:3)
  An adder (D:2)
  3 gnolls (D:3)
  2 dart slugs
  An orc (D:3)
  3 endoplasms
  A giant cockroach (D:3)
  6 goblins
  4 hobgoblins
  2 jackals (D:2)
  A quokka (D:2)
  2 ball pythons
  2 bats (D:1)
  2 frilled lizards
  5 kobolds
  3 rats (D:1)
39 creatures vanquished.

Vanquished Creatures (others)
  A demonic plant (D:3)
1 creature vanquished.

Grand Total: 40 creatures vanquished

Notes
Turn   | Place    | Note
-------+----------+-------------------------------------------
     0 | D:1      | browni3141 the Octopode Transmuter began the quest for the
                  | Orb.
     0 | D:1      | Reached XP level 1. HP: 13/13 MP: 3/3
   174 | D:1      | Reached skill level 1 in Stealth
   211 | D:1      | Reached skill level 2 in Stealth
   217 | D:1      | Reached XP level 2. HP: 18/18 MP: 5/5
   371 | D:1      | Reached skill level 3 in Stealth
   681 | D:2      | Found a broken altar of Ashenzari.
   791 | D:2      | Reached XP level 3. HP: 23/23 MP: 6/6
   918 | D:2      | Learned a level 2 spell: Wereblood
   922 | D:2      | Learned a level 3 spell: Spider Form
  1198 | D:2      | Reached skill level 4 in Stealth
  1597 | D:3      | Noticed Natasha
  1741 | D:3      | Noticed Ijyb
  1775 | D:3      | Reached XP level 4. HP: 19/28 MP: 5/7
  1958 | D:3      | Found a faded altar of an unknown god.
  1972 | D:3      | Noticed Sigmund
  1986 | D:3      | Killed Sigmund
  1987 | D:3      | Reached skill level 5 in Stealth
  1987 | D:3      | Reached XP level 5. HP: 19/35 MP: 8/8
  1987 | D:3      | Reached XP level 6. HP: 22/40 MP: 9/9
  2164 | D:3      | Killed from afar by Ijyb

Illustrated notes

Levels and vault maps discovered:
D:1:      dpeg_arrival_short_road, layout_basic, hangedman_decor_clover_reticule
D:2:      layout_loops_ring, basic_altar, serial_bayou_crossing
D:3:      layout_rooms, nicolae_gozag_cash_rules_everything_around_me,
          dreamdust_ecumenical_altar_sealed_demon, minmay_misc_feat_encased,
          uniq_ijyb, uniq_natasha, uniq_sigmund

Skill      XL: |  1  2  3  4 |
---------------+-------------+-----
Stealth        | 2 3 4 5 |  5.0
Fighting       | 2 |  2.3
Unarmed Combat | 4 |  4.0
Dodging        | |  2.7
Spellcasting   | |  2.0
Transmutations | |  2.8

Action                   |  1- 3 |  4- 6 || total
-------------------------+-------+-------++-------
Melee: Unarmed           |    75 |    32 ||   107
       Constrict         |    20 |     5 ||    25
       Kick              |    13 |     7 ||    20
       Tentacles         |    11 |     3 ||    14
       Punch             |     2 |     2 ||     4
 Cast: Beastly Appendage |    12 |     3 ||    15
 Stab: Sleeping          |    13 |     1 ||    14
Armor: Skin              |    20 |     3 ||    23
Dodge: Dodged            |    41 |    23 ||    64

Table legend: (Time is in decaauts)
 A = Elapsed time spent in this place.
 B = Non-inter-level travel time spent in this place.
 C = Inter-level travel time spent in this place.
 D = Time resting spent in this place.
 E = Time spent auto-exploring this place.
 F = Levels seen in this place.
 G = Mean time per level.
                   A        B        C        D        E       F      G
               +--------+--------+--------+--------+--------+-----+--------+
         Total |   2157 |   2079 |     78 |    107 |   1626 |   3 |  719.0 |
       Dungeon |   2157 |   2079 |     78 |    107 |   1626 |   3 |  719.0 |
               +--------+--------+--------+--------+--------+-----+--------+

Top non-repeatable levels by time:
     D:2: 966 daAuts
     D:1: 662 daAuts
     D:3: 528 daAuts
